 Dungeon Crawl Stone Soup version 0.29-a0-330-g52719c12eb (webtiles) character file.

Game seed: 3132973008877580631

1760 kae the Firebug (level 8, -8/57 HPs)
             Began as a Demigod Fire Elementalist on Apr 23, 2022.
             Mangled by a yak (14 damage)
             ... on level 6 of the Dungeon.
             The game lasted 00:04:34 (7736 turns).

kae the Firebug (Demigod Fire Elementalist)         Turns: 7736, Time: 00:04:34

Health: -8/57      AC:  5    Str:  9    XL:     8   Next: 50%
Magic:  4/19       EV: 12    Int: 25    God:
Gold:   287        SH:  0    Dex: 14    Spells: 4/17 levels left

rFire   . . .      SeeInvis +   d - +1 short sword (drain)
rCold   . . .      Faith    .   (no shield)
rNeg    . . .      Spirit   .   a - +1 robe
rPois   .          Reflect  .   (no helmet)
rElec   .          Harm     .   l - +0 cloak
rCorr   +          Rampage  .   o - +0 pair of gloves
Will    .....                   (no boots)
Stlth   ++........              c - amulet of regeneration
HPRegen 0.99/turn               j - ring of see invisible
MPRegen 0.16/turn               t - ring of resist corrosion

@: very slightly contaminated
A: high MP 1, forlorn, divine attributes
a: no special abilities


You were on level 6 of the Dungeon.
You visited 1 branch of the dungeon, and saw 6 of its levels.

You collected 308 gold pieces.
You spent 21 gold pieces at shops.

Inventory:

Hand Weapons
 d - a +1 short sword of draining (weapon)
Armour
 a - a +1 robe (worn)
 l - a +0 cloak (worn)
 o - a +0 pair of gloves (worn)
Jewellery
 c - an amulet of regeneration (around neck)
 j - a ring of see invisible (left hand)
 t - a ring of resist corrosion (right hand)
 z - a +6 ring of strength
Wands
 q - a wand of digging (6)
 r - a wand of iceblast (13)
Scrolls
 e - 3 scrolls of identify
 p - 2 scrolls of enchant armour
 s - a scroll of holy word {unknown}
 u - a scroll of acquirement {unknown}
 w - a scroll of fear {unknown}
 y - 2 scrolls of vulnerability {unknown}
 A - a scroll of brand weapon {unknown}
 B - a scroll of noise {unknown}
Potions
 b - 2 potions of magic
 f - a potion of attraction
 g - a potion of degeneration
 h - 5 potions of haste
 i - 4 potions of heal wounds {unknown}
 k - 2 potions of curing {unknown}
 m - 2 potions of brilliance {unknown}
 n - a potion of lignification {unknown}
 v - a potion of flight {unknown}
 x - a potion of mutation {unknown}


   Skills:
 - Level 1.7 Dodging
 - Level 1.7 Stealth
 + Level 5.0 Spellcasting
 + Level 5.1 Conjurations
 * Level 7.9 Fire Magic


You had 4 spell levels left.
You knew the following spells:

 Your Spells              Type           Power      Damage    Failure   Level
a - Foxfire               Conj/Fire      100%       2x1d9     1%          1
b - Scorch                Fire           90%        2d10      1%          2
c - Conjure Flame         Conj/Fire      38%        6-21      1%          3
d - Inner Flame           Hex/Fire       26%        N/A       4%          3
e - Flame Wave            Conj/Fire      38%        2d9       5%          4

Your spell library contained the following spells:

 Spells                   Type           Power      Damage    Failure   Level
 Magic Dart               Conj           100%       1d8       1%          1
 Static Discharge         Conj/Air       19%        N/A       4%          2
 Animate Skeleton         Necr           12%        N/A       9%          1
 Apportation              Tloc           12%        N/A       9%          1
 Summon Small Mammal      Summ           24%        N/A       9%          1
 Call Imp                 Summ           6%         N/A       12%         2
 Sublimation of Blood     Necr           6%         N/A       12%         2
 Wereblood                Tmut           6%         N/A       12%         2
 Mephitic Cloud           Conj/Pois/Air  14%        N/A       12%         3
 Petrify                  Tmut/Erth      6%         N/A       63%         4
 Irradiate                Conj/Tmut      9%         3d16      63%         5
 Lightning Bolt           Conj/Air       9%         1d22      63%         5
 Alistair's Intoxication  Tmut/Pois      4%         N/A       92%         5
 Borgnjor's Vile Clutch   Necr/Erth      3%         N/A       92%         5
 Eringya's Noxious Bog    Tmut/Pois      3%         N/A       100%        6
 Summon Hydra             Summ           3%         N/A       100%        7
 Maxwell's Capacitive Co  Air            3%         ∞         100%        8


Dungeon Overview and Level Annotations

Branches:
Dungeon (6/15)
 Temple: D:4-7

Shops:
D:1 *

Annotations:
D:5 3 runed translucent doors, Protee's ghost, amateur NaFE; boracarina's ghost, amateur SpEn
D:6 2 runed translucent doors


Innate Abilities, Weirdness & Mutations

You have an increased reservoir of magic. (+10% MP)
You shall have no god before yourself.
Your divine heritage dramatically boosts your attributes as you level up.


Message History

The yak is moderately wounded.
You finish channelling waves of flame.
The yak barely misses you. The yak closely misses you. The yak gores you!
Casting: Flame Wave (dangerous; 6% risk of failure)
Confirm with . or Enter, or press ? or * to list all spells.
Casting: Flame Wave (dangerous; 6% risk of failure)
Press: ? - help, Dir - look around, f - activate You miscast Flame Wave.
You are very lightly contaminated with residual magic.
Nothing appears to happen.
The yak barely misses you.
The yak gores you but does no damage. x2
The yak gores you but does no damage. The yak gores you! x2
Casting: Flame Wave (dangerous; 6% risk of failure)
Confirm with . or Enter, or press ? or * to list all spells.
Casting: Flame Wave (dangerous; 6% risk of failure)
Press: ? - help, Dir - look around, f - activate A wave of flame ripples out!
The flame wave engulfs the yak!
The yak is almost dead.
The flame wave engulfs the yak!
The yak is severely wounded.
The flame wave engulfs the yak.
The yak is moderately wounded. (Press . to intensify the flame waves.)
The yak misses you. The yak barely misses you.
The yak gores you but does no damage.
A wave of flame ripples out!
The flame wave engulfs the yak!
You kill the yak!
The flame wave engulfs the yak!
The yak is almost dead.
The flame wave engulfs the yak!
The yak is heavily wounded.
The flame wave engulfs the yak.
The yak is almost dead.
The yak gores you!
* * * LOW HITPOINT WARNING * * *
Your Spellcasting skill increases to level 5!
Your Conjurations skill increases to level 5!
Okay, then.
The yak gores you!
You die...

.....# #Y#...# .....# #Y#..##
.....# #Y#..# .....# #†#..#
.....################.####
....................Y....#
###...#########Y########.#
.##.####......Y.Y......#.####
..#.####........@......#....#
.......#....#######....#.##.#
.....#.#....#.ssBy#....#....#
.....#.#....+bbbBs+....#.#..##
.....#.#....#bBBBB#....#....>#
.....#.#....#######....#.##.##
###.##.#...............#.##.#####
#.....#...............#..#...##.
+.(...########'########.###.##.)


You could see 3 yaks.

Vanquished Creatures
  3 yaks (D:6)
  A water moccasin (D:5)
  Duvessa (D:4)
  A sky beast (D:5)
  A black bear (D:6)
  Blork the orc (D:4)
  A kobold brigand (D:6)
  A necrophage (D:5)
  A scorpion (D:6)
  Dowan (D:4)
  A jelly (D:4)
  3 hounds
  2 orc priests
  4 iguanas
  4 orc wizards
  11 gnolls
  3 adders
  2 worms
  4 dart slugs
  26 orcs
  6 ball pythons
  5 bats
  5 endoplasms
  2 giant cockroaches (D:2)
  3 goblins
  4 hobgoblins
  6 jackals
  10 kobolds
  3 quokkas
  A frilled lizard (D:2)
  8 rats
125 creatures vanquished.

Vanquished Creatures (others)
  334 foxfires
334 creatures vanquished.

Grand Total: 459 creatures vanquished

Notes
Turn   | Place    | Note
-------+----------+-------------------------------------------
     0 | D:1      | kae the Demigod Fire Elementalist began the quest for the
                  | Orb.
     0 | D:1      | Reached XP level 1. HP: 14/14 MP: 5/5
    62 | D:1      | Reached skill level 1 in Conjurations
   337 | D:1      | Reached skill level 3 in Fire Magic
   497 | D:1      | Reached XP level 2. HP: 20/20 MP: 2/7
  1079 | D:1      | Found Reorohut's Assorted Antiques.
  1087 | D:1      | Bought a sedimented amethyst potion for 21 gold pieces
  1343 | D:2      | Learned a level 2 spell: Scorch
  1400 | D:1      | Reached XP level 3. HP: 18/26 MP: 3/8
  1445 | D:1      | Learned a level 3 spell: Conjure Flame
  1987 | D:2      | Reached XP level 4. HP: 30/33 MP: 5/10
  2463 | D:3      | Reached skill level 4 in Fire Magic
  3204 | D:3      | Reached XP level 5. HP: 12/38 MP: 4/11
  3454 | D:4      | Noticed Dowan
  3500 | D:4      | Killed Dowan
  3657 | D:4      | Noticed Duvessa
  4182 | D:5      | Entered Level 5 of the Dungeon
  4216 | D:5      | Noticed a water moccasin
  4223 | D:5      | Killed a water moccasin
  4224 | D:5      | Reached skill level 5 in Fire Magic
  4224 | D:5      | Reached XP level 6. HP: 40/45 MP: 6/13
  4317 | D:5      | Learned a level 3 spell: Inner Flame
  4604 | D:5      | Found a runed translucent gate.
  4604 | D:5      | Found a runed translucent gate.
  4604 | D:5      | Found a runed translucent gate.
  4803 | D:5      | Noticed boracarina's ghost (amateur SpEn)
  4803 | D:5      | Noticed Protee's ghost (amateur NaFE)
  5309 | D:4      | Killed Duvessa
  5310 | D:4      | Reached XP level 7. HP: 38/50 MP: 4/15
  5312 | D:4      | Noticed Blork the orc
  5660 | D:4      | Killed Blork the orc
  5661 | D:4      | Reached skill level 6 in Fire Magic
  7089 | D:5      | Learned a level 4 spell: Flame Wave
  7104 | D:6      | Reached XP level 8. HP: 56/57 MP: 14/18
  7185 | D:6      | Reached skill level 7 in Fire Magic
  7440 | D:6      | Found a runed translucent door.
  7442 | D:6      | Found a runed translucent door.
  7736 | D:6      | Reached skill level 5 in Spellcasting
  7736 | D:6      | Reached skill level 5 in Conjurations
  7736 | D:6      | Mangled by a yak

Illustrated notes

Levels and vault maps discovered:
D:1:      doesnt_arrival_eight_statues, layout_loops_cross, serial_shops,
          nicolae_shop_overgrown_old_shop, basic_ecumenical_altar
D:2:      layout_rooms
D:3:      layout_basic, chequers_serial_rivers_room_b
D:4:      layout_cave_pods, uniq_blork_the_orc, uniq_duvessa
D:5:      layout_basic, gammafunk_ghost_cemetery
D:6:      lemuel_insect_pit, layout_basic, lemuel_round_altar

Skill      XL: |  1  2  3  4  5  6  7  8 |
---------------+-------------------------+-----
Conjurations   | 1 2 3 4 5 |  5.1
Fire Magic     | 3 4 5 6 7 |  7.9
Spellcasting   | 2 3 4 5 |  5.0
Dodging        | |  1.7
Stealth        | |  1.7

Action                   |  1- 3 |  4- 6 |  7- 9 || total
-------------------------+-------+-------+-------++-------
Melee: Short sword       |    24 |    25 |    14 ||    63
       Punch             |       |     1 |     1 ||     2
 Cast: Foxfire           |    64 |    64 |    67 ||   195
       Scorch            |     4 |    29 |    15 ||    48
       Conjure Flame     |       |     1 |     3 ||     4
       Flame Wave        |       |       |     2 ||     2
  Use: Scroll            |       |    10 |       ||    10
 Stab: Sleeping          |     1 |       |       ||     1
Armor: Robe              |     5 |    11 |    15 ||    31
Dodge: Dodged            |    26 |    49 |    41 ||   116

Table legend: (Time is in decaauts)
 A = Elapsed time spent in this place.
 B = Non-inter-level travel time spent in this place.
 C = Inter-level travel time spent in this place.
 D = Time resting spent in this place.
 E = Time spent auto-exploring this place.
 F = Levels seen in this place.
 G = Mean time per level.
                   A        B        C        D        E       F      G
               +--------+--------+--------+--------+--------+-----+--------+
         Total |   7748 |   7495 |    253 |    851 |   5604 |   6 | 1291.3 |
       Dungeon |   7748 |   7495 |    253 |    851 |   5604 |   6 | 1291.3 |
               +--------+--------+--------+--------+--------+-----+--------+

Top non-repeatable levels by time:
     D:4: 2337 daAuts
     D:1: 1303 daAuts
     D:3: 1178 daAuts
     D:5: 1063 daAuts
     D:6: 965 daAuts
     D:2: 899 daAuts
